AoeStats
← DuxJun

Arabia

506022463Analyzed
2v2 RM · 19d ago on Sep 12, 2026· 35m 31s· 4 players
Game mode
Random Map
Map size
Medium (4 player)
Population
200
Speed
Normal
Resources
Standard
Victory
Conquest
Starting age
Dark Age
Ending age
Imperial Age
RankedLock teamsTeams togetherTeam positionsShared explorationLock speedFull tech treeHidden civsTurbo modeCheats
Victory
Defeat
🇦🇺 Franks · Australia
861
+27
🇦🇺 Mongols · Australia
859
+27
🇨🇱 Khmer · Chile
898
-16
🇨🇱 Franks · Chile
754
-12
Raznaz
6:32 Loom
9:35 Feudal Age
7:55 Loom
10:35 Double-Bit Axe
11:49 Horse Collar
20:05 Castle Age
18:45 Forging
18:41 Scale Barding Armor
18:31 Gold Mining
21:57 Iron Casting
22:13 Heavy Plow
22:24 Bow Saw
25:34 Bloodlines
27:11 Husbandry
31:19 Gold Shaft Mining
35:33 Imperial Age
33:19 Fletching
Kiona
10:58 Feudal Age
11:44 Double-Bit Axe
11:50 Loom
12:47 Wheelbarrow
19:07 Town Watch
24:26 Castle Age
23:06 Gold Mining
23:09 Stone Mining
24:59 Pikeman
28:41 Scale Barding Armor
28:55 Bow Saw
30:57 Husbandry
32:47 Chain Barding Armor
34:17 Forging
DuxJun
8:30 Loom
11:10 Feudal Age
12:47 Double-Bit Axe
20:42 Gold Mining
28:46 Forging
31:01 Castle Age
32:13 Pikeman
36:40 Imperial Age
artepad
11:47 Feudal Age
16:36 Loom
20:45 Double-Bit Axe
21:44 Wheelbarrow
24:14 Forging
24:24 Town Watch
Connection lost

Rejoining the realm…

Still unreachable

The connection could not be restored.

Session expired

The server has moved on; the page needs a fresh start.